 Dungeon Crawl Stone Soup version 0.18.1-48-g4cf74bf (webtiles) character file.

420 Galewin the Cleaver (level 6, -1/51 HPs)
             Began as a Minotaur Berserker on July 12, 2016.
             Was a Priest of Trog.
             Slain by an iguana (8 damage)
             ... on level 4 of the Dungeon.
             The game lasted 00:07:07 (2518 turns).

Galewin the Cleaver (Minotaur Berserker)            Turns: 2518, Time: 00:07:08

Health: -1/51      AC:  2    Str: 24    XL:     6   Next: 62%
Magic:  5/5        EV: 12    Int:  4    God:    Trog [***...]
Gold:   258        SH:  0    Dex:  9    Spells: 0 memorised, 5 levels left

rFire  . . .     SeeInvis .     x - +0 broad axe
rCold  . . .     Gourm    .     b - +0 animal skin
rNeg   . . .     Faith    .     (no shield)
rPois  .         Spirit   .     (helmet restricted)
rElec  .         Dismiss  .     (no cloak)
rCorr  +         Reflect  .     (no gloves)
SustAt .         Harm     .     (no boots)
MR     .....                    (no amulet)
Stlth  +.........               (no ring)
                                p - ring of resist corrosion

@: not resistant to hostile enchantments, very unstealthy
A: retaliatory headbutt, horns 2
a: Berserk, Trog's Hand, Burn Spellbooks, Renounce Religion


You were on level 4 of the Dungeon.
You worshipped Trog.
Trog was most pleased with you.
You were not hungry.

You visited 1 branch of the dungeon, and saw 4 of its levels.

You collected 258 gold pieces.

Inventory:

Hand Weapons
 a - a +2 dagger of holy wrath
 x - a +0 broad axe (weapon)
Armour
 b - a +0 animal skin (worn)
Jewellery
 p - a ring of resist corrosion (left hand)
Scrolls
 c - a scroll of teleportation {unknown}
 e - a scroll of noise {unknown}
 i - 2 scrolls of magic mapping {unknown}
 j - a scroll of remove curse
 k - 2 scrolls of identify
 n - a scroll of enchant armour {unknown}
 t - a scroll of amnesia {unknown}
Potions
 d - a potion of agility {unknown}
 f - a potion of berserk rage {unknown}
 g - 4 potions of degeneration {unknown}
 h - a potion of lignification {unknown}
 l - 2 potions of mutation {unknown}
 m - 2 potions of magic {unknown}
 o - 3 potions of curing {unknown}
 u - a potion of resistance {unknown}
 v - a potion of haste {unknown}
 w - a potion of might {unknown}
Comestibles
 q - 3 meat rations
 r - a beef jerky


   Skills:
 - Level 3.6 Fighting
 + Level 9.1 Axes
 - Level 2.4 Armour
 - Level 2.1 Dodging


You had 5 spell levels left.
You didn't know any spells.

Dungeon Overview and Level Annotations

Branches:
Dungeon (4/15)
 Temple: D:4-7

Altars:
Elyvilon
Nemelex Xobeh
Ru


Innate Abilities, Weirdness & Mutations

You reflexively headbutt those who attack you in melee.
You have a pair of horns on your head.


Message History

The iguana hisses angrily.
You hit the iguana.
You headbutt the iguana, but do no damage.
The iguana is lightly wounded.
The iguana hisses menacingly.
The iguana bites you!
You barely miss the iguana. You headbutt the iguana!
The iguana is heavily wounded.
The iguana closely misses you. You furiously retaliate!
You headbutt the iguana. The iguana bites you!
* * * LOW HITPOINT WARNING * * *
You are too injured to fight recklessly!
You hit the iguana but do no damage. Your headbutt misses the iguana.
The iguana is almost dead.
The iguana bites you.
* * * LOW HITPOINT WARNING * * *
You closely miss the iguana.
The iguana is almost dead.
The iguana bites you!
You die...

#######..#.#####
#...#....
########....###
#...........#
#.######.#..#
#.#..# #.#..#
#.##.######.#..#
#.....l@....# .#
####.########


You could see an iguana.

Vanquished Creatures
  The ghost of PeterLawrence the Cudgeler, an amateur GrFi of Okawaru (D:4)
  A phantom (D:4)
  The ghost of mindo the Magician, a weakling DEWz (D:3)
  3 adders
  An ooze (D:2)
  An adder zombie (D:3)
  2 worms (D:2)
  A giant gecko (D:3)
  An orc (D:4)
  3 ball pythons
  3 giant cockroaches
  7 goblins
  8 hobgoblins
  22 jackals
  9 bats
  5 giant newts
  8 kobolds
  12 rats
89 creatures vanquished.

Notes
Turn   | Place    | Note
--------------------------------------------------------------
     0 | D:1      | Galewin the Minotaur Berserker began the quest for the Orb.
     0 | D:1      | Reached XP level 1. HP: 19/19 MP: 0/0
   122 | D:1      | Reached skill level 4 in Axes
   188 | D:1      | Reached XP level 2. HP: 19/26 MP: 1/1
   337 | D:1      | Reached ** piety under Trog
   546 | D:2      | Reached skill level 5 in Axes
   608 | D:2      | Reached XP level 3. HP: 24/31 MP: 2/2
   639 | D:2      | Found a sacrificial altar of Ru.
  1247 | D:2      | Reached skill level 6 in Axes
  1247 | D:2      | Reached XP level 4. HP: 17/39 MP: 3/3
  1307 | D:2      | Reached *** piety under Trog
  1762 | D:3      | Found a sparkling altar of Nemelex Xobeh.
  1839 | D:3      | Noticed mindo's ghost (weakling DEWz)
  1848 | D:3      | Killed mindo's ghost
  1848 | D:3      | Reached skill level 7 in Axes
  1848 | D:3      | Reached XP level 5. HP: 33/45 MP: 4/4
  1996 | D:3      | Found a white marble altar of Elyvilon.
  2357 | D:4      | Noticed a phantom
  2357 | D:4      | Noticed PeterLawrence's ghost (amateur GrFi)
  2368 | D:4      | Killed PeterLawrence's ghost
  2368 | D:4      | Reached skill level 8 in Axes
  2368 | D:4      | Reached XP level 6. HP: 10/51 MP: 5/5
  2371 | D:4      | Reached skill level 9 in Axes
  2518 | D:4      | Slain by an iguana

Skill      XL: |  1  2  3  4  5  6 |
---------------+-------------------+-----
Axes           | 4 5 6 7 8 9 |  9.1
Fighting       | |  3.6
Armour         | |  2.4
Dodging        | |  2.1

Action                   |  1- 3 |  4- 6 || total
-------------------------+-------+-------++-------
Melee: Hand axe          |    74 |    66 ||   140
       Headbutt          |     9 |    16 ||    25
       Broad axe         |       |    26 ||    26
Invok: Berserk           |     2 |     2 ||     4
  Use: Scroll            |       |     3 ||     3
 Stab: Sleeping          |     1 |       ||     1
  Eat: Bread ration      |     1 |     1 ||     2
       Chunk             |       |     3 ||     3
Armor: Animal skin       |    16 |    18 ||    34
Dodge: Dodged            |    51 |    49 ||   100
